 Dungeon Crawl Stone Soup version 0.19-a0-1815-g4007336 (webtiles) character file.

886 dobroeutro the Skirmisher (level 7, -9/81 HPs)
             Began as a Demigod Fighter on Oct 5, 2016.
             Killed from afar by an orc (20 damage)
             ... with a wand of acid
             ... on level 4 of the Dungeon.
             The game lasted 00:10:28 (4708 turns).

dobroeutro the Skirmisher (Demigod Fighter)         Turns: 4708, Time: 00:10:29

Health: -9/81      AC:  8    Str: 24    XL:     7   Next: 47%
Magic:  9/9        EV: 12    Int: 12    God:
Gold:   326        SH: 10    Dex: 22    Spells: 0 memorised, 6 levels left

rFire  . . .     SeeInvis .     k - +2 mace (drain)
rCold  . . .     Gourm    .     b - +0 scale mail
rNeg   . . .     Faith    .     c - +0 shield
rPois  .         Spirit   .     (no helmet)
rElec  .         Dismiss  .     (no cloak)
rCorr  .         Reflect  .     (no gloves)
MR     .....     Harm     .     (no boots)
Stlth  ..........               (no amulet)
                                (no ring)
                                j - ring of wizardry

@: agile, berserking, very quick
A: frail 1, high mp 1, shaggy fur 1, weak 1
a: no special abilities


You were on level 4 of the Dungeon.
You were not hungry.

You visited 1 branch of the dungeon, and saw 5 of its levels.
You also visited: Ossuary.

You collected 326 gold pieces.

Inventory:

Hand Weapons
 a - a +0 trident
 k - a +2 mace of draining (weapon)
Armour
 b - a +0 scale mail (worn)
 c - a +0 shield (worn)
 z - a fire dragon hide
Jewellery
 j - a ring of wizardry (left hand)
 F - a +3 ring of protection {unknown}
Wands
 t - a wand of iceblast (9/15)
 y - a wand of acid (11/15)
 E - a wand of digging (14/24)
 G - a wand of lightning (11/15)
Scrolls
 g - a scroll of fear {unknown}
 h - 2 scrolls of remove curse {unknown}
 m - a scroll of vulnerability {unknown}
 n - 2 scrolls of teleportation {unknown}
 w - 2 scrolls of magic mapping
 B - a scroll of blinking
 D - a scroll of amnesia
 H - a scroll of identify {unknown}
Potions
 d - 2 potions of might
 e - a potion of berserk rage
 i - 2 potions of degeneration {unknown}
 l - a potion of brilliance {unknown}
 o - a potion of heal wounds {unknown}
 p - 2 potions of curing
 q - 3 potions of agility
 u - 2 potions of haste {unknown}
 v - a potion of cancellation {unknown}
 x - a potion of resistance {unknown}
 A - a potion of mutation
 C - a potion of lignification {unknown}
Comestibles
 f - 2 bread rations
 r - a royal jelly
 s - a meat ration
 I - 3 fruits
 J - a chunk of flesh
 K - a beef jerky


   Skills:
 + Level 5.6 Fighting
 + Level 4.2 Maces & Flails
 - Level 1.8 Polearms
 + Level 5.2 Armour
 - Level 2.6 Shields


You had 6 spell levels left.
You didn't know any spells.

Dungeon Overview and Level Annotations

Branches:
Dungeon (5/15)
 Temple: D:4-7


Innate Abilities, Weirdness & Mutations

You have an increased reservoir of magic. (+10% MP)
You are frail. (-10% HP)
You are covered in fur. (AC +1)
You are weak. (Str -2)


Message History

It was a potion of mutation.
You feel extremely strange.
You feel weaker. Fur sprouts all over your body.
You feel frail.
The orc wizard hits you but does no damage.
The orc hits you but does no damage.
It was a potion of berserk rage.
A red film seems to cover your vision as you go berserk!
You feel yourself moving faster!
You feel mighty! The orc wizard completely misses you.
The orc priest hits you but does no damage.
The orc priest barely misses you. The orc wizard barely misses you.
The orc closely misses you.
You bludgeon the orc priest!!
You kill the orc priest!
The orc wizard completely misses you.
The orc priest hits you but does no damage.
You bludgeon the orc priest!!
You kill the orc priest!
The orc wizard mumbles some strange words.
The orc wizard blinks!
The orc zaps a wand.
The bolt of acid hits you!
You die...

#.#..## #.#.#.## #.#.##.# ##****
#.#.(##. #..,,* #.###### #...,*
##########.##..#
#....####ยง..........##.#
#.......o..........#.#.#
*#.....#@....o......##..#
*#......))#..........###.#
*...#..#.........<...#....
**....................#....
*,.#......#................
*,....................#....
*,............##...#.......
*******,,#......#..#.....#.......
,,,,,,,,,,,,,,,,,,,,.#...........


You could see an orc wizard and an orc.

Vanquished Creatures
  A phantom (D:5)
  Blork the orc (D:5)
  A scorpion (D:5)
  A bullfrog zombie (D:5)
  4 orc priests
  5 orc wizards
  A worker ant (D:4)
  6 big kobold zombies (Ossuary)
  2 mummies
  4 gnolls
  5 adders
  An adder skeleton (D:3)
  2 worms
  2 dart slugs (D:1)
  5 leopard geckos
  14 orcs
  3 spectral bats (Ossuary)
  A giant cockroach (D:4)
  10 goblins
  4 hobgoblins
  11 jackals
  2 quokkas
  6 bats
  A bat simulacrum (Ossuary)
  7 frilled lizards
  6 gnoll zombies (Ossuary)
  6 goblin simulacra (Ossuary)
  3 goblin zombies (Ossuary)
  8 hobgoblin zombies (Ossuary)
  A jackal skeleton (D:4)
  8 kobolds
  5 kobold simulacra (Ossuary)
  3 orc zombies (Ossuary)
  A quokka skeleton (D:5)
  9 rats
  4 rat simulacra (Ossuary)
  3 spectral goblins (Ossuary)
  3 spectral kobolds (Ossuary)
  2 spectral rats (Ossuary)
162 creatures vanquished.

Vanquished Creatures (others)
  3 hobgoblin zombies (Ossuary)
  A kobold zombie (Ossuary)
4 creatures vanquished.

Grand Total: 166 creatures vanquished

Notes
Turn   | Place    | Note
-------+----------+-------------------------------------------
     0 | D:1      | dobroeutro the Demigod Fighter began the quest for the Orb.
     0 | D:1      | Reached XP level 1. HP: 18/18 MP: 3/3
   254 | D:1      | Reached XP level 2. HP: 12/25 MP: 4/4
   585 | D:1      | Found a deep blue altar of Sif Muna.
   900 | D:2      | Reached XP level 3. HP: 31/31 MP: 5/5
  1144 | D:2      | Reached skill level 1 in Maces & Flails
  1815 | D:3      | Reached XP level 4. HP: 38/38 MP: 6/6
  1999 | D:3      | Reached XP level 5. HP: 46/46 MP: 7/7
  2278 | D:4      | Found a sand-covered staircase.
  2285 | Ossuary  | Entered an ossuary
  3004 | Ossuary  | Reached XP level 6. HP: 48/53 MP: 8/8
  3203 | D:4      | HP: 1/53 [orc priest/divine providence (7)]
  3212 | D:5      | Entered Level 5 of the Dungeon
  3526 | D:5      | Found a blossoming altar of Fedhas.
  3532 | D:5      | Noticed Blork the orc
  3754 | D:5      | Killed Blork the orc
  3766 | D:5      | Reached skill level 5 in Fighting
  4046 | D:5      | Reached XP level 7. HP: 29/61 MP: 9/9
  4225 | D:5      | Reached skill level 5 in Armour
  4705 | D:4      | Gained mutation: You are weak. (Str -2) [potion of mutation]
  4705 | D:4      | Gained mutation: You are covered in fur. (AC +1) [potion of mutation]
  4705 | D:4      | Gained mutation: You are frail. (-10% HP) [potion of mutation]
  4708 | D:4      | Killed from afar by an orc

Vault maps used:
D:1:      nicolae_arrival_memento_mori, kennysheep_flooded_box,
          minmay_misc_feat_roman
D:2:      first_bread
D:4:      gup_sewer_entry_bowl, nicolae_ossuary_entry_giza,
          minmay_misc_feat_plants, minmay_cut_off
D:5:      lemuel_doored_altar, serial_shops, shop, uniq_blork_the_orc
Ossuary:  ossuary_zaba_two_paths

Skill      XL: |  1  2  3  4  5  6  7 |
---------------+----------------------+-----
Armour         | 3 4 5 |  5.2
Fighting       | 3 4 5 |  5.6
Maces & Flails | 1 2 3 4 |  4.2
Polearms       | |  1.8
Shields        | |  2.6

Action                   |  1- 3 |  4- 6 |  7- 9 || total
-------------------------+-------+-------+-------++-------
Melee: Trident           |    20 |       |       ||    20
       Mace              |    93 |   340 |    69 ||   502
  Use: Scroll            |       |     6 |       ||     6
       Potion            |       |     2 |     4 ||     6
  Eat: Chunk             |     2 |     4 |     3 ||     9
       Bread ration      |       |     1 |       ||     1
Armor: Scale mail        |    44 |   140 |    39 ||   223
Dodge: Dodged            |    25 |    88 |    25 ||   138
Block: Shield            |    51 |   147 |    42 ||   240
